 Dungeon Crawl Stone Soup version 0.29.1-12-g30fa7ad0bf (webtiles) character file.

Game seed: 2795292431802183765

16 zeram the Shooter (level 2, 0/14 HPs)
             Began as a Spriggan Hunter on Dec 30, 2022.
             Killed by nerve-wracking pain
             ... invoked by a shadow imp
             ... summoned by Natasha
              (6 damage)
             ... on level 2 of the Dungeon.
             The game lasted 00:01:18 (412 turns).

zeram the Shooter (Spriggan Hunter)                  Turns: 412, Time: 00:01:19

Health: 0/14       AC:  2    Str:  7    XL:     2   Next: 37%
Magic:  4/4        EV: 18    Int: 10    God:
Gold:   75         SH:  0    Dex: 18    Spells: 2/2 levels left

rFire   . . .      SeeInvis +   a - +0 shortbow
rCold   . . .      Faith    .   (shield currently unavailable)
rNeg    . . .      Spirit   .   c - +0 robe
rPois   .          Reflect  .   (helmet restricted)
rElec   .          Harm     .   (no cloak)
rCorr   .          Rampage  .   (gloves unavailable)
Will    .....                   (boots unavailable)
Stlth   ++........              (no amulet)
HPRegen 0.04/turn               h - ring of wizardry
MPRegen 0.09/turn               (no ring)

@: slowed, quick
A: very small, no large weapons, unfitting armour, see invisible, speed 3
a: no special abilities


You were on level 2 of the Dungeon.
You visited 1 branch of the dungeon, and saw 2 of its levels.

You collected 75 gold pieces.

Inventory:

Hand Weapons
 a - a +0 shortbow (weapon)
Armour
 c - a +0 robe (worn)
Jewellery
 h - a ring of wizardry (left hand)
Scrolls
 b - a scroll of immolation
 f - 2 scrolls of poison {unknown}
 g - a scroll of enchant armour {unknown}
 i - a scroll of torment {unknown}
Potions
 d - a potion of flight {unknown}
 e - a potion of degeneration {unknown}


   Skills:
 - Level 1.5 Fighting
 + Level 4.4 Ranged Weapons
 * Level 2.9 Dodging
 - Level 1.5 Stealth
 * Level 0.7 Spellcasting


You had 2 spell levels left.
You didn't know any spells.
Your spell library contained the following spells:

 Spells                   Type           Power      Damage    Failure   Level
 Summon Small Mammal      Summ           0%         N/A       14%         1
 Call Canine Familiar     Summ           0%         N/A       38%         3
 Summon Guardian Golem    Hex/Summ       0%         N/A       38%         3


Dungeon Overview and Level Annotations

Branches:
Dungeon (2/15)

Altars:
Fedhas

Annotations:
D:2 Natasha


Innate Abilities, Weirdness & Mutations

You are very small and have problems with some larger weapons.
You are too small for most types of armour.
You have supernaturally acute eyesight. (SInv)
You cover ground extremely quickly. (Speed+++)


Message History

You are too injured to fight recklessly!
You are too injured to fight recklessly!
You are too injured to fight recklessly!
You are too injured to fight recklessly!
You are too injured to fight recklessly!
You are too injured to fight recklessly!
You are too injured to fight recklessly!
You are too injured to fight recklessly!
You are too injured to fight recklessly!
You start resting.
Natasha is nearby!
Fire: a) +0 shortbow
Press: ? - help, Q - select action Shift-Dir - straight line, f - Natasha
Aim: Natasha (56% to hit)
You shoot an arrow. The arrow misses Natasha.
Unknown command.
Fire: a) +0 shortbow
Press: ? - help, Q - select action Shift-Dir - straight line, f/p - Natasha
Aim: Natasha (56% to hit)
You shoot an arrow.
The arrow hits Natasha but does no damage.
Unknown command.
Fire: a) +0 shortbow
Press: ? - help, Q - select action Shift-Dir - straight line, f/p - Natasha
Aim: Natasha (56% to hit)
You shoot an arrow. The arrow hits Natasha!
Natasha is heavily wounded.
Natasha casts a spell at you.
You feel yourself slow down.
Unknown command.
Natasha mumbles some strange words.
Natasha glows brightly for a moment.
Unknown command.
Natasha attacks as you move away! Natasha closely misses you.
Natasha mumbles some strange words.
Natasha howls an incantation.
Natasha's front paws start to glow.
The shadow imp grinds its teeth.
The shadow imp gestures at you. Pain shoots through your body!
You die...

.###..##.# #.#
#######.###.
.###..##.# #.#
#......#h...
..##..##.# #.#
#.#####ยง####
......##.# ##.# #
#.# ..##.###.#
#..# .# #5#
.###.# #.#
##..####... #.#
.# #.# #.#
#5.h..........h)#
.# #.# #.#
#.....##...######
.. #.#####..@..#
## #...........#
#..............
##########...###
####


You could see Natasha and a shadow imp (summoned).

Vanquished Creatures
  A giant cockroach (D:1)
  2 hobgoblins (D:1)
  2 jackals (D:1)
  3 quokkas (D:1)
  3 ball pythons (D:1)
  2 bats (D:1)
13 creatures vanquished.

Notes
Turn   | Place    | Note
-------+----------+-------------------------------------------
     0 | D:1      | zeram the Spriggan Hunter began the quest for the Orb.
     0 | D:1      | Reached XP level 1. HP: 10/10 MP: 2/2
   123 | D:1      | Reached XP level 2. HP: 14/14 MP: 3/3
   321 | D:2      | Found a blossoming altar of Fedhas.
   364 | D:2      | Noticed Natasha
   412 | D:2      | Killed from afar by a shadow imp

Illustrated notes

Levels and vault maps discovered:
D:1:      grunt_arrival_lava_bath, layout_basic
D:2:      layout_loops_ring, basic_altar, minmay_diced_spiral, uniq_natasha

Action                   || total
-------------------------++-------
 Fire: Shortbow          ||    40
Armor: Robe              ||     4
Dodge: Dodged            ||    13
